[Event "Titled Tuesday Blitz June 27 Early 2023"]
[White "Weishaeutel, Moritz"]
[Black "Lenderman, Aleksandr"]
[WhiteFideId "12967300"]
[BlackFideId "2021285"]
[WhiteElo "2644"]
[BlackElo "2945"]
[Result "1/2-1/2"]
[Round "3"]
[TimeControl "180+2"]
[Date "2023.06.27"]
[WhiteClock "0:00:02"]
[BlackClock "0:00:04"]
[Board "53"]

1. e4 e6 2. d4 d5 3. exd5 exd5 4. Nf3 Bd6 5. c4 Nf6 6. c5 Be7 7. Bd3 O-O 8. O-O b6 9. Be3 Nc6 10. Bb5 Bd7 11. Qa4 Qe8 12. Bf4 bxc5 13. dxc5 Bxc5 14. Nbd2 a6 15. Bxc6 Bxc6 16. Qc2 Ne4 17. Nb3 Bb6 18. Nbd4 Bd7 19. Rfe1 c5 20. Ne2 Bc6 21. Nc3 f5 22. Qb3 Ba5 23. Nxd5 Kh8 24. Red1 Qe6 25. Nc7 Qxb3 26. axb3 Bxc7 27. Bxc7 Rfc8 28. Bf4 Be8 29. Nd2 Nxd2 30. Rxd2 Kg8 31. Re1 Ra7 32. h3 Rb7 33. Rd6 Rxb3 34. Re7 Rxb2 35. Be5 Rb1+ 36. Kh2 Bf7 37. Rdd7 Rf8 38. Ra7 Re1 39. Bd6 Rxe7 40. Bxe7 Rc8 41. Bxc5 Rxc5 42. Ra8+ Be8 43. Rxe8+ Kf7 44. Ra8 Ra5 45. Ra7+ Kf6 46. f4 Ra4 47. Kg3 Ra3+ 48. Kf2 Kg6 49. Ke2 h6 50. Kf2 a5 51. Kg1 a4 52. Kh2 Kh5 53. Rxg7 Rb3 54. Ra7 a3 55. Ra6 Rc3 56. Ra5 a2 57. Rxa2 Rc4 58. Rf2 Kh4 59. g3+ Kh5 60. Kg2 Rc3 61. Re2 Rb3 62. Kf2 Ra3 63. Re3 Ra2+ 64. Kf3 Rh2 65. Re5 Kg6 66. Re6+ Kg7 67. h4 Ra2 68. Rb6 Ra3+ 69. Kg2 Ra2+ 70. Kh3 Ra3 71. h5 Ra1 72. Rg6+ Kh7 73. Rf6 Rh1+ 74. Kg2 Rxh5 75. Rf8 Kg7 76. Rb8 1/2-1/2


[Site "https://www.chess.com"]

[Event "Titled Tuesday Blitz June 27 Early 2023"]
[White "Soham Kamotra"]
[Black "Kozak, Adam"]
[WhiteFideId "46647490"]
[BlackFideId "753246"]
[WhiteElo "2637"]
[BlackElo "2940"]
[Result "1-0"]
[Round "3"]
[TimeControl "180+2"]
[Date "2023.06.27"]
[WhiteClock "0:00:04"]
[BlackClock "0:00:02"]
[Board "54"]

1. d4 Nf6 2. Bf4 d5 3. e3 c5 4. Nf3 Nc6 5. Nbd2 Nh5 6. dxc5 Nxf4 7. exf4 e6 8. Nb3 g6 9. c3 Bg7 10. Be2 O-O 11. O-O a5 12. a4 Qc7 13. g3 Rd8 14. Nfd4 Bd7 15. Qd2 Be8 16. Qe3 Ne7 17. Bb5 Bc6 18. h4 Nf5 19. Nxf5 gxf5 20. Nd4 Rdc8 21. b4 Bd7 22. Rfe1 Rd8 23. Rab1 Rac8 24. Rec1 h6 25. Nb3 d4 26. cxd4 axb4 27. Rc4 Bc6 28. Bxc6 bxc6 29. Rxb4 Rb8 30. Nd2 Rxb4 31. Rxb4 Qa5 32. Rc4 Qa6 33. Kg2 Rb8 34. Qc3 Rd8 35. Nf3 Rb8 36. Rb4 Rd8 37. Qc4 Qa5 38. Ne5 Bxe5 39. fxe5 Kh7 40. Rb7 Kg7 41. Qb4 Qa8 42. Qb6 Rxd4 43. Qc7 Qf8 44. a5 Ra4 45. Ra7 f4 46. Qxc6 Ra3 47. Qxe6 fxg3 48. Qf6+ Kg8 49. fxg3 Ra2+ 50. Kf1 Qe8 51. c6 Rc2 52. Rd7 Rd2 53. Rxd2 Qxc6 54. Rd8+ Kh7 55. Rh8# 1-0


[Site "https://www.chess.com"]

[Event "Titled Tuesday Blitz June 27 Early 2023"]
[White "Zhigalko, Sergei"]
[Black "Lee, Qing Aun"]
[WhiteFideId "13502956"]
[BlackFideId "5804167"]
[WhiteElo "2879"]
[BlackElo "2635"]
[Result "1-0"]
[Round "3"]
[TimeControl "180+2"]
[Date "2023.06.27"]
[WhiteClock "0:00:05"]
[BlackClock "0:00:06"]
[Board "55"]

1. e4 c5 2. Nf3 g6 3. c3 d5 4. exd5 Qxd5 5. d4 Bg7 6. Na3 cxd4 7. Bc4 Qc5 8. cxd4 Qc7 9. O-O Nf6 10. Ne5 O-O 11. Bf4 Nh5 12. Nb5 Qb6 13. Be3 a6 14. Nc3 Nc6 15. Nxf7 Rxf7 16. Bxf7+ Kxf7 17. d5 Nd4 18. Qd2 Qf6 19. Ne4 Qe5 20. Ng5+ Kg8 21. f4 Qf6 22. Ne4 Qf5 23. Bxd4 Qxe4 24. Bxg7 Nxg7 25. Rae1 Qa4 26. Rxe7 Nf5 27. Rc7 Bd7 28. Qc3 Rd8 29. Qf6 Rf8 30. Qc3 Rd8 31. a3 Qb5 32. Re1 Qxd5 33. h3 Qd6 34. Rf1 Bc6 35. Rf2 Qxc7 36. g4 Nd4 37. Kh2 Nf3+ 38. Kg3 Nd4 39. Rd2 Qb6 40. Qc4+ Rd5 41. b4 Qd8 42. Rxd4 Qd6 43. h4 Kh8 44. Rxd5 Qxd5 45. Qc3+ Kg8 46. h5 Qg2+ 47. Kh4 gxh5 48. Kxh5 Qh2+ 49. Kg5 Qg2 50. Kh6 Qd5 51. Qg7# 1-0


[Site "https://www.chess.com"]

[Event "Titled Tuesday Blitz June 27 Early 2023"]
[White "Talibov, Shiroghlan"]
[Black "Manukyan, Sargis V."]
[WhiteFideId "13429078"]
[BlackFideId "13303465"]
[WhiteElo "2817"]
[BlackElo "2624"]
[Result "1-0"]
[Round "3"]
[TimeControl "180+2"]
[Date "2023.06.27"]
[WhiteClock "0:01:07"]
[BlackClock "0:00:25"]
[Board "56"]

1. a3 Nf6 2. c4 e6 3. d4 c5 4. dxc5 Bxc5 5. Nf3 d5 6. b4 Be7 7. e3 O-O 8. Bb2 a5 9. b5 Nbd7 10. Nbd2 Nc5 11. cxd5 Nxd5 12. Be2 Bf6 13. Qc1 Na4 14. Bxf6 Qxf6 15. O-O Bd7 16. Ne4 Qg6 17. Bd3 f5 18. Nd6 e5 19. Nxb7 Rfc8 20. Qd2 Nac3 21. Nxe5 Qb6 22. Nxd7 Qxb7 23. Bxf5 Rd8 24. e4 Nf4 25. Rfe1 1-0


[Site "https://www.chess.com"]

[Event "Titled Tuesday Blitz June 27 Early 2023"]
[White "Jaskolka, Tomasz"]
[Black "Sezdbekov, Ruslan"]
[WhiteFideId "1170791"]
[BlackFideId "13801856"]
[WhiteElo "2617"]
[BlackElo "2796"]
[Result "1/2-1/2"]
[Round "3"]
[TimeControl "180+2"]
[Date "2023.06.27"]
[WhiteClock "0:00:15"]
[BlackClock "0:00:20"]
[Board "57"]

1. d4 Nf6 2. Nc3 d5 3. Bf4 e6 4. Nb5 Bd6 5. Nxd6+ cxd6 6. e3 Nc6 7. Nf3 O-O 8. c3 Re8 9. h3 e5 10. Bh2 h6 11. Be2 Bf5 12. O-O Qd7 13. Rc1 e4 14. Nd2 Be6 15. c4 dxc4 16. Nxc4 Bxc4 17. Bxc4 d5 18. Bb5 Rec8 19. Qa4 Qe6 20. Rc3 a6 21. Bxc6 Rxc6 22. Rxc6 Qxc6 23. Qxc6 bxc6 24. Rc1 Rc8 25. Kf1 Nd7 26. Bd6 f6 27. Ke2 Kf7 28. b4 Nb6 29. Rc5 Nc4 30. Bg3 Ke6 31. a4 Kd7 32. f3 f5 33. h4 Re8 34. Bf4 exf3+ 35. gxf3 g5 36. hxg5 hxg5 37. Bxg5 Rb8 38. e4 Rxb4 39. exd5 cxd5 40. Rxd5+ Ke6 41. Rc5 Rxa4 42. Kd3 Nd6 43. Re5+ Kd7 44. Re7+ Kc6 45. Bf4 Ra3+ 46. Ke2 Nb5 47. Be5 a5 48. Re8 Nc3+ 49. Kf2 Nd5 50. Kg3 a4 51. Rc8+ Kd7 52. Rc5 Ne7 53. Kf4 Rd3 54. Ra5 a3 55. Ra7+ Ke6 56. Ra6+ Kf7 57. Ra7 Ke6 58. Ra6+ Kd7 59. Ra7+ Ke6 1/2-1/2


[Site "https://www.chess.com"]

[Event "Titled Tuesday Blitz June 27 Early 2023"]
[White "Bachmann, Axel"]
[Black "Asavasaetakul, Chawit"]
[WhiteFideId "3700488"]
[BlackFideId "6204856"]
[WhiteElo "2794"]
[BlackElo "2615"]
[Result "1-0"]
[Round "3"]
[TimeControl "180+2"]
[Date "2023.06.27"]
[WhiteClock "0:00:13"]
[BlackClock "0:00:11"]
[Board "58"]

1. c4 c6 2. Nf3 d5 3. e3 Nf6 4. Nc3 a6 5. b3 Bf5 6. Nh4 Bg4 7. f3 Bh5 8. g4 Bg6 9. Bb2 e6 10. Nxg6 hxg6 11. Qc2 Nbd7 12. O-O-O b5 13. g5 Nh7 14. f4 bxc4 15. bxc4 Rb8 16. d4 Bb4 17. a3 Be7 18. c5 Qc8 19. h4 Qb7 20. Na4 Nxg5 21. fxg5 Bxg5 22. Kb1 Rxh4 23. Rxh4 Bxh4 24. Bd3 Ke7 25. Ka1 Bg5 26. Re1 Rh8 27. Bc3 Rh3 28. Bd2 e5 29. Nb6 Nxb6 30. cxb6 Qxb6 31. Rb1 Qc7 32. Bxa6 Ke6 33. Rb7 Qd8 34. Qxc6+ Kf5 35. Rxf7+ Bf6 36. Bc8+ Kg5 37. Bxh3 exd4 38. exd4+ Kh4 39. Bd7 Bxd4+ 40. Ka2 Qb8 41. Qc2 Qe5 42. Qd3 Ba1 43. Qh3# 1-0


[Site "https://www.chess.com"]

[Event "Titled Tuesday Blitz June 27 Early 2023"]
[White "robertoalejandro10"]
[Black "Do Valle Cardoso, Lucas"]
[BlackFideId "2163144"]
[WhiteElo "2611"]
[BlackElo "2783"]
[Result "0-1"]
[Round "3"]
[TimeControl "180+2"]
[Date "2023.06.27"]
[WhiteClock "0:00:01"]
[BlackClock "0:01:09"]
[Board "59"]

1. Nf3 d5 2. b3 Nf6 3. Bb2 e6 4. g3 Be7 5. Bg2 O-O 6. O-O c5 7. e3 b6 8. Qe2 Bb7 9. Rd1 Nbd7 10. c4 Rc8 11. Nc3 Qc7 12. d3 Qb8 13. h4 Rfd8 14. Rac1 Bf8 15. cxd5 Nxd5 16. Nxd5 Bxd5 17. e4 Bb7 18. Bh3 h6 19. Bc3 Bd6 20. Qb2 Bf8 21. Ne5 Nxe5 22. Bxe5 Qa8 23. f4 Bc6 24. Rd2 Qb7 25. Rf1 Qa6 26. Rfd1 Qb7 27. Rf1 b5 28. f5 exf5 29. Bxf5 Bd7 30. Rdf2 Bxf5 31. Rxf5 Rd7 32. R1f3 c4 33. dxc4 bxc4 34. h5 Qxe4 35. Rf2 Bc5 0-1


[Site "https://www.chess.com"]

[Event "Titled Tuesday Blitz June 27 Early 2023"]
[White "ATM622"]
[Black "Xu, Yi"]
[BlackFideId "8605564"]
[WhiteElo "2610"]
[BlackElo "2743"]
[Result "0-1"]
[Round "3"]
[TimeControl "180+2"]
[Date "2023.06.27"]
[WhiteClock "0:00:13"]
[BlackClock "0:01:02"]
[Board "60"]

1. d4 Nf6 2. c4 e6 3. g3 d5 4. Bg2 Bb4+ 5. Nd2 O-O 6. Qc2 b6 7. Bf3 Bb7 8. Bg2 Nbd7 9. Nf3 c5 10. O-O Rc8 11. a3 Bxd2 12. Bxd2 cxd4 13. b3 dxc4 14. bxc4 e5 15. Ng5 Bxg2 16. Kxg2 Nc5 17. f4 e4 18. Bb4 Ng4 19. Bd2 f5 20. h3 Nf6 21. Bb4 Qd7 22. h4 Ng4 23. Bd2 d3 24. exd3 Nxd3 25. Qc3 h6 26. Nh3 Qc6 27. Bc1 Qxc4 28. Qd2 Qb3 29. a4 Rc2 0-1


[Site "https://www.chess.com"]

[Event "Titled Tuesday Blitz June 27 Early 2023"]
[White "Aradhya, Garg"]
[Black "Skuhala, Jernej"]
[WhiteFideId "25006746"]
[BlackFideId "14605651"]
[WhiteElo "2725"]
[BlackElo "2596"]
[Result "1/2-1/2"]
[Round "3"]
[TimeControl "180+2"]
[Date "2023.06.27"]
[WhiteClock "0:00:25"]
[BlackClock "0:01:26"]
[Board "61"]

1. d4 d5 2. c4 e6 3. Nf3 Nf6 4. g3 Be7 5. Bg2 O-O 6. Nc3 dxc4 7. Ne5 c5 8. dxc5 Qc7 9. Nxc4 Bxc5 10. Be3 a6 11. O-O Bxe3 12. Nxe3 Bd7 13. Qd4 Bc6 14. Rfd1 Bxg2 15. Kxg2 Nc6 16. Qf4 Qxf4 17. gxf4 Nh5 18. Kf3 Rfd8 19. Rxd8+ Rxd8 20. Kg4 Nf6+ 21. Kg3 Nh5+ 22. Kg4 Nf6+ 23. Kh4 Rd2 24. Rb1 h6 25. Ng4 Nd5 26. Kg3 Nxc3 27. bxc3 b5 28. a4 bxa4 29. Rb6 Ne7 30. Rxa6 Rxe2 31. Rxa4 Rc2 32. Rc4 Nd5 33. Rc8+ Kh7 34. Ne5 f6 35. Nf3 Rxc3 36. Rxc3 Nxc3 37. Nd4 e5 38. fxe5 fxe5 39. Nc6 e4 40. Kf4 Nd1 41. Kxe4 Nxf2+ 42. Kf3 Nh3 43. Ne5 Ng5+ 44. Kg4 Ne6 45. h4 g6 46. h5 g5 47. Nf3 Kg7 48. Kf5 Nf4 49. Nxg5 Nxh5 50. Ne6+ Kh7 51. Nf8+ Kg7 52. Ne6+ Kf7 53. Nd8+ Kg7 54. Ne6+ 1/2-1/2


[Site "https://www.chess.com"]

[Event "Titled Tuesday Blitz June 27 Early 2023"]
[White "Atakhan, Abtin"]
[Black "Gubajdullin, Alexei"]
[WhiteFideId "22502203"]
[BlackFideId "4141202"]
[WhiteElo "2725"]
[BlackElo "2593"]
[Result "1-0"]
[Round "3"]
[TimeControl "180+2"]
[Date "2023.06.27"]
[WhiteClock "0:00:12"]
[BlackClock "0:00:00"]
[Board "62"]

1. Nf3 f5 2. d3 Nf6 3. e4 d6 4. Nc3 e5 5. exf5 Bxf5 6. d4 e4 7. Nh4 Bg4 8. Be2 Bxe2 9. Qxe2 d5 10. Bg5 Bb4 11. Qb5+ Nc6 12. Qxb7 Nxd4 13. Bxf6 gxf6 14. O-O Bxc3 15. bxc3 Rb8 16. Qxa7 Nb5 17. Qe3 Nd6 18. Rad1 c6 19. Qh6 f5 20. Nxf5 Nxf5 21. Qh5+ Ke7 22. Qxf5 Qd6 23. c4 Rbd8 24. Rfe1 Qf6 25. Qxf6+ Kxf6 26. cxd5 cxd5 27. Rd4 Ke5 28. Red1 Rd6 29. c4 Rc8 30. Rxd5+ Rxd5 31. Rxd5+ Ke6 32. Rd4 Ke5 33. Rd5+ Ke6 34. Rd2 Rxc4 35. g3 Ra4 36. Kg2 h5 37. Kh3 Ra5 38. Kh4 Re5 39. Re2 Kf5 40. a4 Kg6 41. Ra2 Ra5 42. Ra3 Kh6 43. Kh3 Kg5 44. Kg2 Kf5 45. Kf1 Ke5 46. Ke2 Kd4 47. h4 Ke5 48. Ke3 Kf5 49. Kd4 Ra8 50. a5 Rd8+ 51. Ke3 Ra8 52. a6 Ra7 53. Ra5+ Kg4 54. Kxe4 Kh3 55. Kf4 Kg2 56. Ra2 Kh3 57. Kg5 Rf7 58. a7 Rf8 59. a8=Q 1-0


[Site "https://www.chess.com"]

[Event "Titled Tuesday Blitz June 27 Early 2023"]
[White "Csonka, Balazs"]
[Black "Mortazavi, Ali"]
[WhiteFideId "742910"]
[BlackFideId "401323"]
[WhiteElo "2724"]
[BlackElo "2583"]
[Result "1-0"]
[Round "3"]
[TimeControl "180+2"]
[Date "2023.06.27"]
[WhiteClock "0:00:06"]
[BlackClock "0:00:02"]
[Board "63"]

1. c4 Nf6 2. Nc3 g6 3. d4 d6 4. e4 Bg7 5. f3 O-O 6. Be3 Nc6 7. Nge2 a6 8. Qd2 b5 9. cxb5 axb5 10. Nxb5 Na5 11. Nec3 Nb3 12. Qd1 Nxa1 13. Qxa1 c6 14. Na3 Nd7 15. Bd3 c5 16. d5 Ne5 17. Be2 Ba6 18. Bxa6 Rxa6 19. O-O Qa5 20. Bg5 Re8 21. Nab5 Nc4 22. Qc1 Rb6 23. a4 Qb4 24. Rf2 Bxc3 25. Nxc3 Nxb2 26. Rc2 Nd3 27. Qd2 c4 28. h4 f6 29. Be3 Rbb8 30. Bd4 Qa3 31. Nb5 Qxa4 32. Nc7 Rb1+ 33. Kh2 Rc8 34. Ne6 Ne1 35. Qh6 Kf7 36. Bxf6 Nxf3+ 37. Kg3 Ke8 38. Qxh7 exf6 39. Qxg6+ Kd7 40. Qf7# 1-0


[Site "https://www.chess.com"]

[Event "Titled Tuesday Blitz June 27 Early 2023"]
[White "Krutko, Anatoly"]
[Black "Gedajlovic, Max"]
[WhiteFideId "4185862"]
[BlackFideId "2616840"]
[WhiteElo "2561"]
[BlackElo "2702"]
[Result "0-1"]
[Round "3"]
[TimeControl "180+2"]
[Date "2023.06.27"]
[WhiteClock "0:00:00"]
[BlackClock "0:00:49"]
[Board "64"]

1. d4 Nf6 2. c4 e6 3. Nc3 Bb4 4. e3 O-O 5. Bd3 d5 6. cxd5 exd5 7. Ne2 c6 8. O-O Re8 9. Ng3 Nbd7 10. a3 Bf8 11. b4 a5 12. b5 c5 13. a4 b6 14. Qf3 Bb7 15. Bb2 Qc7 16. Rac1 Rac8 17. Nf5 g6 18. Ng3 Bg7 19. Rfd1 Qd6 20. Bb1 cxd4 21. exd4 Qb4 22. Ba1 Rc7 23. Na2 Qd6 24. Rxc7 Qxc7 25. Rc1 Qd6 26. Bb2 Ne4 27. Ba3 Qe6 28. Bb2 Nd2 29. Qd1 Nc4 30. Bc3 Qd6 31. h3 h5 32. Nf1 Nf6 33. Nd2 Bh6 34. Nxc4 dxc4 35. Bd2 Bxd2 36. Qxd2 Qd5 37. f3 Rd8 38. Rd1 Qd6 39. Nc3 Nd5 40. Nxd5 Bxd5 41. Be4 Qb4 42. Bxd5 Rxd5 43. Qc2 c3 44. Rd3 Rxd4 45. Rxc3 Qd6 46. Rc8+ Kh7 47. Re8 Rd1+ 0-1


[Site "https://www.chess.com"]

[Event "Titled Tuesday Blitz June 27 Early 2023"]
[White "Fernandez Guillen, Ernesto J."]
[Black "Koutsin, Sergey"]
[WhiteFideId "3512428"]
[BlackFideId "14101483"]
[WhiteElo "2698"]
[BlackElo "2490"]
[Result "1-0"]
[Round "3"]
[TimeControl "180+2"]
[Date "2023.06.27"]
[WhiteClock "0:00:13"]
[BlackClock "0:00:00"]
[Board "65"]

1. e4 e6 2. Nf3 d5 3. Nc3 Nf6 4. e5 Nfd7 5. d4 c5 6. Ne2 cxd4 7. Nexd4 Nc6 8. Nxc6 bxc6 9. Bd3 a5 10. O-O Ba6 11. Re1 Be7 12. Bxa6 Rxa6 13. Nd4 c5 14. Nb5 a4 15. Qg4 Kf8 16. c4 Qb8 17. Bf4 dxc4 18. Na3 Nb6 19. Rac1 h6 20. Qe2 g6 21. Rc3 Kg7 22. Rf3 Ra7 23. Rc1 Rb7 24. Bd2 Rd7 25. Bc3 Qb7 26. Nxc4 Nxc4 27. Qxc4 Qd5 28. Qe2 Qxa2 29. h4 h5 30. Qb5 Rhd8 31. Ba5 Rd1+ 32. Rxd1 Rxd1+ 33. Kh2 Qd5 34. Bc3 Bxh4 35. Qxa4 Be7 36. Qe8 Qd7 37. Rxf7+ Kh6 38. Qxe7 1-0


[Site "https://www.chess.com"]

[Event "Titled Tuesday Blitz June 27 Early 2023"]
[White "Kourkoulos-Arditis, Stamatis"]
[Black "Romero Ruscalleda, Josep"]
[WhiteFideId "4221990"]
[BlackFideId "2231859"]
[WhiteElo "2672"]
[BlackElo "2355"]
[Result "1-0"]
[Round "3"]
[TimeControl "180+2"]
[Date "2023.06.27"]
[WhiteClock "0:00:06"]
[BlackClock "0:00:00"]
[Board "66"]

1. c4 g6 2. d4 Bg7 3. e4 d6 4. Nc3 e5 5. Nf3 Nc6 6. dxe5 Nxe5 7. Nxe5 Bxe5 8. Be2 f5 9. O-O Ne7 10. Bh6 Nc6 11. f4 Bd4+ 12. Kh1 Qe7 13. Nd5 Qf7 14. b4 Bg7 15. Bxg7 Qxg7 16. b5 Nd8 17. c5 fxe4 18. cxd6 cxd6 19. Rc1 O-O 20. Nc7 Rb8 21. Qxd6 Qd7 22. Bc4+ Nf7 23. Qe5 Qf5 24. Bb3 Bd7 25. Qe7 Bxb5 26. Rc5 Qd7 27. Qxd7 Bxd7 28. Nd5 Bc6 29. Ne7+ Kg7 30. Nxc6 bxc6 31. Rxc6 Rb7 32. Ra6 Re7 33. Re1 Nh6 34. g3 Nf5 35. Kg2 e3 36. Re6 Rfe8 37. Rxe7+ Rxe7 38. g4 Nd4 39. Bc4 h5 40. gxh5 gxh5 41. Rd1 Nf5 42. Kf3 Nh4+ 43. Ke2 Ng2 44. Rg1 Kf6 45. Rxg2 Kf5 46. Rg5+ Kxf4 47. Rxh5 Rc7 48. Rh4+ Kg5 49. Rd4 Kf5 50. Kxe3 Rg7 51. Kf3 Rc7 52. h4 Rb7 53. Rd5+ Kf6 54. Ra5 Rb4 55. Rc5 Rb2 56. h5 1-0


[Site "https://www.chess.com"]

[Event "Titled Tuesday Blitz June 27 Early 2023"]
[White "Mackster23"]
[Black "Oparin, Grigoriy"]
[BlackFideId "24125890"]
[WhiteElo "2490"]
[BlackElo "3026"]
[Result "0-1"]
[Round "3"]
[TimeControl "180+2"]
[Date "2023.06.27"]
[WhiteClock "0:00:03"]
[BlackClock "0:00:58"]
[Board "67"]

1. e4 c5 2. Nf3 d6 3. d4 cxd4 4. Nxd4 Nf6 5. Nc3 Nc6 6. Bg5 e6 7. Qd2 a6 8. O-O-O Bd7 9. f3 Nxd4 10. Qxd4 Be7 11. h4 Qc7 12. Kb1 b5 13. Be3 h5 14. Bg5 Bc6 15. Bd3 b4 16. Ne2 a5 17. f4 O-O 18. e5 dxe5 19. fxe5 Ng4 20. Nf4 Rfd8 21. Qc4 Nxe5 22. Nxe6 Qc8 23. Nxd8 Nxc4 24. Bxe7 Ne5 25. Be2 Be4 26. Rd2 Qc7 27. Bg5 f6 28. Ne6 Qe7 29. Nd4 fxg5 30. hxg5 g6 31. Nf3 Nxf3 32. gxf3 Bf5 33. Bc4+ Kh8 34. Re2 Qc5 35. Bd3 Bxd3 36. cxd3 Qxg5 37. Rhe1 Qf5 38. Re4 Qxf3 0-1


[Site "https://www.chess.com"]

[Event "Titled Tuesday Blitz June 27 Early 2023"]
[White "Korobov, Anton"]
[Black "Alinasab, Mobina"]
[WhiteFideId "14105730"]
[BlackFideId "12528897"]
[WhiteElo "2992"]
[BlackElo "2553"]
[Result "1/2-1/2"]
[Round "3"]
[TimeControl "180+2"]
[Date "2023.06.27"]
[WhiteClock "0:00:33"]
[BlackClock "0:00:05"]
[Board "68"]

1. d4 Nf6 2. Nf3 e6 3. c4 d5 4. Nc3 c5 5. cxd5 exd5 6. g3 Nc6 7. Bg2 cxd4 8. Nxd4 Bc5 9. Nb3 Bb6 10. O-O d4 11. Na4 O-O 12. Nxb6 Qxb6 13. Bg5 Nd7 14. Bxc6 bxc6 15. Qxd4 Re8 16. Rfe1 Nf8 17. Be3 Qxd4 18. Nxd4 c5 19. Nb5 Rb8 20. Nd6 Rd8 21. Bxc5 Be6 22. b4 a6 23. e4 Nd7 24. a3 Ne5 25. Re3 Nc4 26. Nxc4 Bxc4 27. Rc1 Bb5 28. e5 h6 29. Bd6 Rbc8 30. Rec3 Rxc3 31. Rxc3 f6 32. f4 fxe5 33. fxe5 Kf7 34. Kf2 Ke6 35. Ke3 Rd7 36. Kd4 Rf7 37. Kc5 Rf2 38. h4 g5 39. h5 g4 40. Kd4 Rf3 41. Rxf3 gxf3 42. Ke3 Bc6 43. g4 Bb7 44. Bf8 Kxe5 45. Bxh6 Kf6 46. Bf4 Bc6 47. g5+ Kf5 48. g6 Kf6 49. Bd6 Kg7 50. Be5+ Kh6 51. g7 Bd5 52. a4 Kxh5 53. b5 axb5 54. axb5 Kg6 55. b6 Kf7 56. Kf2 Bb7 57. Bd4 Kg8 1/2-1/2


[Site "https://www.chess.com"]

[Event "Titled Tuesday Blitz June 27 Early 2023"]
[White "Makarian, Rudik"]
[Black "ElDivis"]
[WhiteFideId "44105681"]
[WhiteElo "2959"]
[BlackElo "2552"]
[Result "1-0"]
[Round "3"]
[TimeControl "180+2"]
[Date "2023.06.27"]
[WhiteClock "0:00:33"]
[BlackClock "0:00:03"]
[Board "69"]

1. d4 Nf6 2. c4 g6 3. Nf3 Bg7 4. Nc3 O-O 5. e4 d6 6. Be2 e5 7. O-O Nc6 8. d5 Ne7 9. b4 Nh5 10. a4 Nf4 11. Ra3 Nxe2+ 12. Qxe2 f5 13. c5 f4 14. Ng5 h6 15. Ne6 Bxe6 16. dxe6 Qc8 17. Nd5 Re8 18. Rc3 dxc5 19. Rxc5 c6 20. Qg4 Kh7 21. Bb2 Ng8 22. b5 Rb8 23. Rfc1 Qxe6 24. Qxe6 Rxe6 25. Nb4 Bf8 26. R5c4 Bxb4 27. Rxb4 Ne7 28. h4 Rc8 29. Rc5 cxb5 30. Rcxb5 Nc6 31. Rxb7+ Kg8 32. R4b5 Nd4 33. Rd5 Ne2+ 34. Kh2 g5 35. Bxe5 g4 36. Rg7+ Kf8 37. Rxg4 h5 38. Rg5 Rc1 39. Bxf4 Rxe4 40. Rdf5+ Ke7 41. Re5+ 1-0


[Site "https://www.chess.com"]

[Event "Titled Tuesday Blitz June 27 Early 2023"]
[White "Tologon tegin, Semetei"]
[Black "Daneshvar, Bardiya"]
[WhiteFideId "13800574"]
[BlackFideId "12576468"]
[WhiteElo "2552"]
[BlackElo "2943"]
[Result "0-1"]
[Round "3"]
[TimeControl "180+2"]
[Date "2023.06.27"]
[WhiteClock "0:00:00"]
[BlackClock "0:01:23"]
[Board "70"]

1. g3 a6 2. Bg2 Nc6 3. d4 e5 4. Nf3 e4 5. Ne5 d5 6. Nxc6 bxc6 7. O-O Bd6 8. c4 Be6 9. Nc3 f5 10. c5 Be7 11. Bf4 Nf6 12. Be5 O-O 13. f4 Nd7 14. e3 Nxe5 15. fxe5 a5 16. b3 Kh8 17. Ne2 g5 18. Qd2 Qb8 19. Rf2 Qb4 20. Qc2 a4 21. Rb1 axb3 22. Rxb3 Qa5 23. Nc3 Rab8 24. Rf1 Rxb3 25. Qxb3 Qa6 26. Rb1 Qd3 27. Nd1 Qd2 28. Nf2 f4 29. Nxe4 dxe4 30. Qxe6 f3 31. Bf1 Qxe3+ 32. Kh1 Bd8 33. Qxc6 Qxd4 34. e6 e3 35. e7 Bxe7 36. Qxc7 Bxc5 37. Rc1 e2 38. Qxc5 Qxc5 0-1


[Site "https://www.chess.com"]

[Event "Titled Tuesday Blitz June 27 Early 2023"]
[White "Suleymanli, Aydin"]
[Black "Rodchenkov, Sergey D."]
[WhiteFideId "13413937"]
[BlackFideId "4168712"]
[WhiteElo "2931"]
[BlackElo "2552"]
[Result "1-0"]
[Round "3"]
[TimeControl "180+2"]
[Date "2023.06.27"]
[WhiteClock "0:00:09"]
[BlackClock "0:00:06"]
[Board "71"]

1. e4 c5 2. Nf3 d6 3. Bb5+ Nd7 4. O-O a6 5. Bxd7+ Bxd7 6. a4 Nf6 7. d3 e6 8. Nbd2 Be7 9. e5 dxe5 10. Nxe5 O-O 11. a5 Nd5 12. Nxd7 Qxd7 13. Nc4 Qc7 14. Qf3 Bf6 15. Re1 b5 16. axb6 Nxb6 17. Bf4 Qd8 18. Nxb6 Qxb6 19. Ra2 Be7 20. b3 a5 21. Re4 Rfd8 22. Rea4 Ra6 23. Bd2 Rda8 24. Bc3 f6 25. Qe4 Bd8 26. Qc4 Qd6 27. g3 Kf7 28. Qe4 h6 29. Qb7+ Kg8 30. Rg4 Qf8 31. Qd7 R8a7 32. Qb5 h5 33. Re4 Rb6 34. Qc4 Kf7 35. Ra1 Qe8 36. f4 Raa6 37. f5 Kf8 38. fxe6 Rxe6 39. Rae1 Rxe4 40. Rxe4 Qd7 41. Qxa6 Qf5 42. Qe6 Qg5 43. Qe8# 1-0


[Site "https://www.chess.com"]

[Event "Titled Tuesday Blitz June 27 Early 2023"]
[White "Vokhidov, Shamsiddin"]
[Black "Bilan, Danila"]
[WhiteFideId "14204223"]
[BlackFideId "24161918"]
[WhiteElo "2930"]
[BlackElo "2548"]
[Result "1/2-1/2"]
[Round "3"]
[TimeControl "180+2"]
[Date "2023.06.27"]
[WhiteClock "0:00:12"]
[BlackClock "0:00:04"]
[Board "72"]

1. e4 c6 2. d4 d5 3. Nc3 dxe4 4. Nxe4 Nf6 5. Qd3 Nxe4 6. Qxe4 Nd7 7. Nf3 Nf6 8. Qe3 Bf5 9. c4 e6 10. Be2 Bb4+ 11. Bd2 Bxd2+ 12. Nxd2 O-O 13. O-O Qb6 14. b3 a5 15. h3 a4 16. Nf3 h6 17. Ne5 Rfd8 18. c5 Qb4 19. Bc4 Nd5 20. Qf3 Nf6 21. a3 Qd2 22. Nxf7 Be4 23. Rfd1 Bxf3 24. Rxd2 Kxf7 25. gxf3 axb3 26. Bxb3 Nd5 27. Rb2 Nf4 28. Bc4 Rd7 29. h4 Ra7 30. Rb4 Kf6 31. Bf1 g5 32. hxg5+ hxg5 33. a4 Rg7 34. Ra3 g4 35. fxg4 Rxg4+ 36. Rg3 Rxg3+ 37. fxg3 Nd5 38. Rc4 Ne3 39. Rc3 Nxf1 40. Rf3+ Kg6 41. Kxf1 Rxa4 42. Rf4 Rb4 43. Ke2 b6 44. cxb6 Rxb6 45. g4 Rb5 46. Kd3 Rd5 47. Kc4 e5 48. Re4 exd4 49. Re6+ Kg5 50. Rxc6 Rd8 51. Kd3 Kxg4 52. Rc4 Kf5 53. Rxd4 Rxd4+ 54. Kxd4 1/2-1/2


[Site "https://www.chess.com"]

[Event "Titled Tuesday Blitz June 27 Early 2023"]
[White "Tikhonov, Viacheslav"]
[Black "Baskakov, Egor"]
[WhiteFideId "44196407"]
[BlackFideId "24197866"]
[WhiteElo "2548"]
[BlackElo "2900"]
[Result "0-1"]
[Round "3"]
[TimeControl "180+2"]
[Date "2023.06.27"]
[WhiteClock "0:00:07"]
[BlackClock "0:00:40"]
[Board "73"]

1. d4 Nf6 2. c4 e6 3. Nf3 d5 4. g3 Be7 5. Bg2 O-O 6. O-O Ne4 7. Nfd2 f5 8. Qc2 c6 9. Nc3 Bd7 10. b3 Be8 11. a4 Nd7 12. Ba3 g5 13. Bxe7 Qxe7 14. e3 Bg6 15. f4 h6 16. a5 Rac8 17. Ndxe4 fxe4 18. Rab1 gxf4 19. gxf4 Bf5 20. Kh1 Kh7 21. Qf2 Rg8 22. b4 Nf6 23. Rg1 Ng4 24. Qe1 Rg6 25. Bh3 Rcg8 26. Rg3 h5 27. Bxg4 Bxg4 28. Qf2 Bf3+ 29. Rxf3 exf3 30. Qxf3 Qh4 31. cxd5 cxd5 32. f5 Rf6 33. e4 dxe4 34. Nxe4 Rxf5 35. Qe2 Qg4 36. Qxg4 Rxg4 37. Re1 h4 38. h3 Rg8 39. Nc5 Rf3 40. Kh2 Rf2+ 41. Kh1 Rd2 42. Re4 Rg3 43. Rxh4+ Kg6 44. Ne4 Rxd4 45. Rf4 Rxh3+ 46. Kg2 Rb3 47. Rf6+ Kg7 48. Rxe6 Rdxb4 49. Nc5 Rc3 50. Re5 Rb2+ 51. Kf1 Rc1+ 52. Re1 Rxe1+ 53. Kxe1 Rb5 54. Ne6+ Kf7 55. Nd8+ Ke8 56. a6 Kxd8 57. axb7 a5 58. b8=Q+ Rxb8 0-1


[Site "https://www.chess.com"]